 Dungeon Crawl Stone Soup version 0.28-a0-655-g4eb62b627b (webtiles) character file.

Game seed: 15771280348679870647

21 ytrimaz the Grave Robber (level 2, -3/20 HPs)
             Began as a Ghoul Necromancer on Oct 12, 2021.
             Slain by a worm (4 damage)
             ... on level 1 of the Dungeon.
             The game lasted 00:04:14 (1961 turns).

ytrimaz the Grave Robber (Ghoul Necromancer)        Turns: 1961, Time: 00:04:15

Health: -3/20      AC:  5    Str: 11    XL:     2   Next: 87%
Magic:  0/4        EV: 12    Int: 10    God:
Gold:   23         SH:  0    Dex:  9    Spells: 3/5 levels left

rFire   . . .      SeeInvis .   h - +3 dagger
rCold   + . .      Faith    .   (no shield)
rNeg    + + +      Spirit   .   a - +0 robe
rPois   ∞          Reflect  .   (no helmet)
rElec   .          Harm     .   (no cloak)
rCorr   .          Rampage  .   (no gloves)
Will    .....                   i - +2 pair of boots
Stlth   ++........              (no amulet)
HPRegen 0.00/turn               (no ring)
MPRegen 0.09/turn               (no ring)

@: inhibited regen
A: claws 1, cold resistance 1, negative energy resistance 3, inhibited
regeneration, torment resistance 2
a: no special abilities


You were on level 1 of the Dungeon.
You visited 1 branch of the dungeon, and saw 2 of its levels.

You collected 23 gold pieces.

Inventory:

Hand Weapons
 h - a +3 dagger (weapon)
Armour
 a - a +0 robe (worn)
 i - a +2 pair of boots (worn)
Scrolls
 e - a scroll of fear {unknown}
Potions
 d - a potion of degeneration {unknown}
 f - 2 potions of flight {unknown}
 g - a potion of might {unknown}


   Skills:
 + Level 1.8 Dodging
 + Level 2.2 Stealth
 * Level 2.2 Spellcasting
 * Level 4.4 Necromancy


You had 3 spell levels left.
You knew the following spells:

 Your Spells              Type           Power      Damage    Failure   Level
a - Pain                  Necr           40%        1d6       4%          1
b - Animate Skeleton      Necr           20%        N/A       4%          1

Your spell library contained the following spells:

 Spells                   Type           Power      Damage    Failure   Level
 Vampiric Draining        Necr           5%         2d6       14%         3
 Animate Dead             Necr           5%         N/A       43%         4
 Agony                    Necr           10%        N/A       80%         5


Dungeon Overview and Level Annotations

Branches:
Dungeon (2/15)

Altars:


Innate Abilities, Weirdness & Mutations

You thrive by killing the living.
You are immune to poison.
You have sharp fingernails.
Your flesh is cold resistant. (rC+)
You are immune to negative energy. (rN+++)
You do not regenerate when monsters are visible.
You are immune to unholy pain and torment.


Message History

Casting: Pain (safe; 4% risk of failure)
Confirm with . or Enter, or press ? or * to list all spells.
Aiming: Pain (safe; 4% risk of failure)
Press: ? - help, Shift-Dir - straight line, f/p - worm
Aim: a worm (lightly wounded, chance to affect: 71%)
The worm struggles to resist.
Your magical contamination has completely faded away.
You see here a +0 pair of boots.
You start resting.
A worm is nearby!
Casting: Pain (safe; 4% risk of failure)
Confirm with . or Enter, or press ? or * to list all spells.
Aiming: Pain (safe; 4% risk of failure)
Press: ? - help, Shift-Dir - straight line, f/p - worm
Aim: a worm (chance to affect: 71%)
The worm struggles to resist.
Casting: Pain (safe; 4% risk of failure)
Confirm with . or Enter, or press ? or * to list all spells.
Aiming: Pain (safe; 4% risk of failure)
Press: ? - help, Shift-Dir - straight line, f/p - worm
Aim: a worm (chance to affect: 71%)
The worm struggles to resist.
Casting: Pain (safe; 4% risk of failure)
Confirm with . or Enter, or press ? or * to list all spells.
Aiming: Pain (safe; 4% risk of failure)
Press: ? - help, Shift-Dir - straight line, f/p - worm
Aim: a worm (chance to affect: 71%)
The worm writhes in agony.
The worm barely misses you.
You hit the worm.
The worm is lightly wounded.
You hit the worm.
The worm is moderately wounded.
The worm bites you!
* * * LOW HITPOINT WARNING * * *
You completely miss the worm.
The worm is moderately wounded.
You hit the worm.
The worm is severely wounded.
The worm bites you.
You die...

#...........#.#
#.#...........#
#.##..........#
#.#..........##
##.).......#.## ########
...#.#.....#.# #####......#
##...........# #...#.####.#
## ###.#########
#w#......#.######. ##.##
#@###.##.w..[..... #...#
#####.###.####.#####.. #...#
#.........####.# #..
#...######..##..#.......#
##.
#...............#.########
#.
###...##..........#.##.....#
#.
...............#..#.##.....#
##
.........[.!...#...........#
....................##.....#


You could see a worm.

Vanquished Creatures
  A dart slug (D:1)
  A giant cockroach (D:1)
  3 goblins (D:1)
  4 hobgoblins (D:1)
  2 quokkas (D:1)
  2 ball pythons
  A frilled lizard (D:1)
  A kobold (D:1)
  2 rats (D:1)
17 creatures vanquished.

Notes
Turn   | Place    | Note
-------+----------+-------------------------------------------
     0 | D:1      | ytrimaz the Ghoul Necromancer began the quest for the Orb.
     0 | D:1      | Reached XP level 1. HP: 14/14 MP: 2/2
    51 | D:1      | Learned a level 1 spell: Animate Skeleton
   301 | D:1      | Reached XP level 2. HP: 11/20 MP: 1/3
  1959 | D:1      | HP: 1/20 [worm (9)]
  1961 | D:1      | Slain by a worm

Illustrated notes

Levels and vault maps discovered:
D:1:      sevenhm_arrival_forest_fort_large_2, layout_loops_cross
D:2:      layout_rooms

Skill      XL: |  1  2 |
---------------+-------+-----
Spellcasting   | 2 |  2.2
Dodging        | |  1.8
Stealth        | |  2.2
Necromancy     | |  4.4

Action                   || total
-------------------------++-------
Melee: Unarmed           ||    26
       Dagger            ||    16
 Cast: Pain              ||    31
       Animate Skeleton  ||     3
  Use: Scroll            ||     1
Armor: Robe              ||     5
Dodge: Dodged            ||    29

Table legend: (Time is in decaauts)
 A = Elapsed time spent in this place.
 B = Non-inter-level travel time spent in this place.
 C = Inter-level travel time spent in this place.
 D = Time resting spent in this place.
 E = Time spent auto-exploring this place.
 F = Levels seen in this place.
 G = Mean time per level.
                   A        B        C        D        E       F      G
               +--------+--------+--------+--------+--------+-----+--------+
         Total |   1961 |   1860 |    101 |    676 |    909 |   2 |  980.5 |
       Dungeon |   1961 |   1860 |    101 |    676 |    909 |   2 |  980.5 |
               +--------+--------+--------+--------+--------+-----+--------+

Top non-repeatable levels by time:
     D:1: 1944 daAuts
     D:2: 17 daAuts
